 Dungeon Crawl Stone Soup version 0.29-a0-925-g0a7a3d12f8 (webtiles) character file.

Game seed: 12803057786506091697

84 sanka the Changer (level 5, -1/40 HPs)
             Began as a Meteoran Transmuter on July 28, 2022.
             Killed from afar by an orc wizard (10 damage)
             ... with a puff of flame
             ... on level 2 of the Dungeon.
             The game lasted 00:05:00 (715 turns).

sanka the Changer (Meteoran Transmuter)              Turns: 715, Time: 00:05:01

Health: -1/40      AC:  2    Str: 11    XL:     5   Next: 4%
Magic:  8/10       EV: 12    Int: 17    God:
Gold:   21         SH:  0    Dex: 14    Spells: 4/10 levels left

rFire   . . .      SeeInvis .     - Unarmed
rCold   . . .      Faith    .   (no shield)
rNeg    . . .      Spirit   .   a - +0 robe
rPois   .          Reflect  .   (helmet currently unavailable)
rElec   .          Harm     .   (no cloak)
rCorr   .          Rampage  .   (no gloves)
Will    .....                   (boots currently unavailable)
Stlth   +.........              (no amulet)
HPRegen 0.13/turn               (no ring)
MPRegen 0.12/turn               i - ring of flight

@: appendages, wereblooded, flying, glowing
A: horns 2, talons 2, sense surroundings 1, otherworldly, glowing, explore regen
a: End Transformation


You were on level 2 of the Dungeon.
You had temporarily grown beastly horns and talons.
You visited 1 branch of the dungeon, and saw 2 of its levels.

You collected 21 gold pieces.


Innate Abilities, Weirdness & Mutations

You have temporarily grown beastly horns and talons.
You passively map a small area around you.
You are easily found by Zot.
You glow in the dark.
You regain HP and MP as you explore.


   Skills:
 - Level 1.1 Fighting
 - Level 2.4 Dodging
 - Level 3.6 Unarmed Combat
 - Level 3.0 Spellcasting
 - Level 4.0 Transmutations
 + Level 3.3 Poison Magic


You had 4 spell levels left.
You knew the following spells:

 Your Spells              Type           Power      Damage    Failure   Level
x - Spider Form           Tmut/Pois      15%        N/A       12%         3
y - Wereblood             Tmut           16%        N/A       4%          2
z - Beastly Appendage     Tmut           32%        N/A       3%          1

Your spell library contained the following spells:

 Spells                   Type           Power      Damage    Failure   Level
 Ice Form                 Ice/Tmut       9%         N/A       58%         4

Inventory:

Armour
 a - a +0 robe (worn)
Magical Staves
 j - a staff of death
Jewellery
 i - a ring of flight (right hand)
Scrolls
 c - a scroll of magic mapping {unknown}
 f - a scroll of amnesia {unknown}
 g - 3 scrolls of teleportation {unknown}
 m - a scroll of silence {unknown}
Potions
 b - a potion of lignification {!q}
 d - a potion of haste {unknown}
 e - a potion of curing {@q1}
 h - a potion of attraction {unknown}
 k - a potion of mutation {unknown}
 l - a potion of brilliance {unknown}
 n - a potion of degeneration {unknown}

Dungeon Overview and Level Annotations

Branches:
Dungeon (2/15) Zot: 493

Altars:

Shops:
D:1 ( D:2

[ , ░ ░░ , ░ ░ ,
░░ , ,, ░ ░ ░, ░ ,
▒▒ ▒ ░ ░ ,,..{▒. ░
░, , ...▒ ▒▒
......, , ..▒▒▒.▒
.▒...▒▒▒▒.▒▒▒▒.▒p▒
..... .........{▒▒
...▒ ▒▒▒▒▒▒▒▒..▒
▒..▒ ▒..▒▒ ▒..▒
▒...▒ ▒▒..▒ ▒.▒.▒
░ ....▒ ▒.▒.▒
...▒▒ ▒▒.▒.▒
)▒▒▒▒▒▒▒▒▒ ▒..▒.▒


There were no monsters in sight!


Message History

Something hits you.
You hit something but do no damage.
You hear some strange, mumbled words.
A magic dart appears from out of thin air!
The magic dart hits you.
You hit something.
You hear some strange, mumbled words.
A puff of flame appears from out of thin air!
The puff of flame hits you!
* * * LOW HITPOINT WARNING * * *
You barely miss something. Something hits you but does no damage.
You miss something.
You hear some strange, mumbled words.
A puff of flame appears from out of thin air!
The puff of flame hits you!
* * * LOW HITPOINT WARNING * * *
Unknown command.
You closely miss something. Something hits you.
* * * LOW HITPOINT WARNING * * *
You miss something. Something hits you.
* * * LOW HITPOINT WARNING * * *
Okay, then.
It was a potion of curing.
You hear some strange, mumbled words.
A puff of flame appears from out of thin air!
The puff of flame hits you!
You die...

Action                   |  1- 3 |  4- 6 || total
-------------------------+-------+-------++-------
Melee: Unarmed           |    67 |    64 ||   131
       Kick              |    15 |    10 ||    25
       Headbutt          |     6 |     4 ||    10
       Punch             |     2 |     3 ||     5
 Cast: Beastly Appendage |    10 |     4 ||    14
       Wereblood         |     2 |     3 ||     5
  Use: Potion            |       |     1 ||     1
Armor: Robe              |    20 |     7 ||    27
Dodge: Dodged            |    31 |    22 ||    53

Levels and vault maps discovered:
D:1:      roderic_octagonal_star, layout_basic, serial_shops, shop_fountains
D:2:      layout_loops_ring, hellmonk_ecumenical_altar_defaced_shrine,
          serial_shops, nicolae_shop_crystal, st_stairs_14, grunt_ministairs_7,
          uniq_robin

Notes
Turn   | Place    | Note
-------+----------+-------------------------------------------
     0 | D:1      | sanka the Meteoran Transmuter began the quest for the Orb.
     0 | D:1      | Reached XP level 1. HP: 16/16 MP: 5/5
    34 | D:1      | HP: 1/16 [endoplasm (3)]
   177 | D:1      | Reached XP level 2. HP: 23/23 MP: 6/6
   246 | D:1      | Reached skill level 3 in Spellcasting
   246 | D:1      | Reached skill level 1 in Poison Magic
   263 | D:1      | Reached skill level 3 in Transmutations
   268 | D:1      | Learned a level 2 spell: Wereblood
   311 | D:1      | Reached XP level 3. HP: 28/28 MP: 6/8
   333 | D:1      | Found Linoh's Antique Weapon Boutique.
   460 | D:1      | Reached skill level 2 in Poison Magic
   504 | D:1      | Glimpsed the power of Zot.
   515 | D:2      | Found Joaziamm's Armour Shop.
   532 | D:2      | Reached XP level 4. HP: 35/35 MP: 6/9
   534 | D:2      | Noticed Robin
   553 | D:2      | Killed Robin
   606 | D:2      | Reached skill level 4 in Transmutations
   632 | D:2      | Reached skill level 3 in Poison Magic
   676 | D:2      | Reached XP level 5. HP: 28/40 MP: 10/10
   681 | D:2      | Learned a level 3 spell: Spider Form
   712 | D:2      | HP: 3/40 [something/puff of flame (7)]
   715 | D:2      | Killed from afar by an orc wizard

Vanquished Creatures
  Robin (D:2)
  A dart slug (D:1)
  5 orcs (D:2)
  2 ball pythons
  4 bats
  2 endoplasms
  A giant cockroach (D:2)
  13 goblins
  5 hobgoblins
  8 jackals
  A quokka (D:2)
  3 frilled lizards
  4 kobolds (D:1)
  8 rats
58 creatures vanquished.
